 Dungeon Crawl Stone Soup version 0.25-a0-194-gece12570e2 (webtiles) character file.

Game seed: 14614975277788286878, levelgen mode: classic

86 EnegeticOcto the Covered (level 4, -7/28 HPs)
             Began as a Tengu Fighter on Dec 1, 2019.
             Killed by divine providence
             ... invoked by an orc priest
              (10 damage)
             ... on level 3 of the Dungeon.
             The game lasted 00:02:01 (1810 turns).

EnegeticOcto the Covered (Tengu Fighter)            Turns: 1810, Time: 00:02:02

Health: -7/28      AC: 11    Str: 18    XL:     4   Next: 49%
Magic:  5/5        EV:  3    Int:  8    God:
Gold:   143        SH:  9    Dex: 13    Spells: 3/3 levels left

rFire    . . .     SeeInvis .   a - +0 war axe
rCold    . . .     Gourm    .   c - +0 shield
rNeg     . . .     Faith    .   q - +0 plate armour
rPois    .         Spirit   .   (helmet restricted)
rElec    .         Reflect  .   (no cloak)
rCorr    .         Harm     .   (no gloves)
MR       .....                  (boots unavailable)
Stlth    ..........             m - amulet of regeneration
HPRegen  0.49/turn              (no ring)
MPRegen  0.09/turn              (no ring)

@: no status effects
A: beak, talons 3
a: no special abilities


You were on level 3 of the Dungeon.
You were not hungry.

You visited 1 branch of the dungeon, and saw 3 of its levels.

You collected 143 gold pieces.

Inventory:

Hand Weapons
 a - a +0 war axe (weapon)
Missiles
 k - 39 bolts
 l - 42 arrows
Armour
 c - a +0 shield (worn)
 q - a +0 plate armour (worn)
Jewellery
 m - an amulet of regeneration (around neck)
Scrolls
 i - a scroll of remove curse {@r2}
 n - 2 scrolls of teleportation {@r3 !r}
Potions
 b - a potion of ambrosia {unknown}
 d - a potion of might {@q3 !q}
 g - a potion of brilliance {unknown}
 p - a potion of heal wounds {unknown}
 r - a potion of invisibility
Comestibles
 e - 8 rations


   Skills:
 + Level 3.5 Fighting
 * Level 3.5 Axes
 + Level 3.8 Armour
 + Level 1.6 Dodging
 - Level 3.0 Shields


You had 3 spell levels left.
You didn't know any spells.
Your spell library was empty.

Dungeon Overview and Level Annotations

Branches:
Dungeon (3/15)

Altars:
Vehumet
Zin

Annotations:
D:3 Terence


Innate Abilities, Weirdness & Mutations

You have a beak for a mouth.
You have claws for feet.


Message History

The giant cockroach bites you.
The giant cockroach bites you but does no damage.
You slash the giant cockroach!
You kill the giant cockroach!
No target in view!
No target in view!
You open the door.
Found a radiant altar of Vehumet.
There is an open door here.
As you open the door, it creaks loudly!
There is an open door here.
There is a radiant altar of Vehumet here.
You open the door.
There is an open door here.
You open the door.
There is an open door here.
There is an open door here.
Eating one of 2 chunks of flesh.
You eat one of the 2 chunks of flesh.
This raw flesh tastes terrible.
You open the door.
There is an open door here.
There is an open door here.
As you open the door, it creaks loudly!
There is an open door here.
You open the door.
Found a stone staircase leading up.
There is an open door here.
You now have 136 gold pieces (gained 2).
You now have 143 gold pieces (gained 7).
You open the door.
Found a robe.
There is an open door here.
No target in view!
No target in view!
No target in view!
No target in view!
A kobold comes into view.
The kobold shouts!
A kobold is nearby!
A kobold is nearby!
A kobold is nearby!
A kobold is nearby!
The kobold throws a stone.
The stone hits you but does no damage.
You see here a stone.
Found a stone staircase leading down.
The kobold throws a stone.
You block the stone.
You see here a stone.
You block the kobold's attack.
You slash the kobold!
You kill the kobold!
No target in view!
Things that are here:
3 stones; a kobold corpse All of the chunks of flesh in your inventory have rotted away.
There is a stone staircase leading down here.
An orc and an orc priest come into view.
The orc shouts!
The orc priest shouts!
There are monsters nearby!
Unknown command.
An orc comes into view. It is wielding a +0 mace.
The orc shouts!
You hear a shout!
An orc comes into view. It is wielding a +0 club.
You hear a shout!
An orc comes into view. It is wielding a +0 flail.
The orc shouts!
The orc priest invokes the aid of Beogh against you.
Beogh smites you!
The orc moves out of view.
You block the orc's attack. You block the orc priest's attack.
You closely miss the orc priest. You claw the orc priest!
The orc priest is severely wounded.
You hit the orc but do no damage. The orc hits you but does no damage.
The orc priest mumbles some strange prayers to Beogh against you.
Beogh smites you!
* * * LOW HITPOINT WARNING * * *
The orc hits you.
* * * LOW HITPOINT WARNING * * *
You are too injured to fight recklessly!
Your plate armour prevents you from hitting the orc priest.
The orc priest is severely wounded.
You hit the orc but do no damage. You slash the orc!
You kill the orc!
The orc priest hits you but does no damage.
The orc hits you but does no damage. The orc barely misses you.
Terence the Incautious comes into view.
He is wielding a +0 short sword.
The orc priest hits you with a +0 club.
* * * LOW HITPOINT WARNING * * *
You closely miss the orc priest. Your kick misses the orc priest.
The orc priest is severely wounded.
You hit the orc. You slash the orc!
You kill the orc!
The orc throws a stone.
The stone hits you but does no damage. You block the orc's attack.
You block the orc priest's attack.
You hit the orc priest but do no damage.
The orc priest is severely wounded.
You hit the orc.
You kill the orc!
The orc throws a stone.
You block the stone.
The orc priest invokes the aid of Beogh against you.
Beogh smites you!
You die...

#.#.#.# ###
....#.######.. .#
...........#.####.# #
#.....####.#.##.#.# ..
....### #.#....#.# ...
....######.#....#.# ....
.##.>...........#.#.....
#..#####.#.##.#.......
#......#.#.##.@)#
..#...##.#.#.##†)o#
..#..(##.#.#.....o..
..#......#.#......@..#
..#.(.####.#.......###
..#.................
<.+.(#####...........
..#.########.#.##...##
..'......###.


You could see Terence, an orc priest and an orc.

Vanquished Creatures
  3 adders
  A worm (D:2)
  A dart slug (D:1)
  4 orcs (D:3)
  5 giant cockroaches
  4 goblins (D:1)
  8 hobgoblins
  6 kobolds
  2 quokkas
  7 bats
  A frilled lizard (D:1)
  5 rats
47 creatures vanquished.

Notes
Turn   | Place    | Note
-------+----------+-------------------------------------------
     0 | D:1      | EnegeticOcto the Tengu Fighter began the quest for the Orb.
     0 | D:1      | Reached XP level 1. HP: 14/14 MP: 2/2
   233 | D:1      | Reached XP level 2. HP: 16/19 MP: 3/3
   599 | D:1      | Reached skill level 1 in Dodging
   599 | D:1      | Reached XP level 3. HP: 19/23 MP: 4/4
  1199 | D:2      | Reached XP level 4. HP: 27/28 MP: 5/5
  1511 | D:3      | Found a glowing silver altar of Zin.
  1626 | D:3      | Found a radiant altar of Vehumet.
  1807 | D:3      | HP: 1/28 [orc (4)]
  1808 | D:3      | Noticed Terence
  1810 | D:3      | Killed from afar by an orc priest

Levels and vault maps discovered:
D:1:      dpeg_arrival_refuge, layout_loops_ring, minmay_misc_feat_more_columns,
          chequers_serial_rivers_micro_a, chequers_serial_rivers_small_3,
          minmay_three_crescents
D:2:      layout_basic, serial_glass, glass_columns_a, glass_columns_a,
          feat_on_display
D:3:      layout_basic, lemuel_round_altar, lemuel_doored_altar, first_ration,
          mrwooster_statue_mirror, uniq_terence, uniq_natasha, uniq_ijyb

Skill      XL: |  1  2  3 |
---------------+----------+-----
Dodging        | 1 |  1.6
Axes           | 3 |  3.5
Fighting       | |  3.5
Armour         | |  3.8
Shields        | |  3.0

Action                   |  1- 3 |  4- 6 || total
-------------------------+-------+-------++-------
Melee: War axe           |    72 |    28 ||   100
       Kick              |     9 |     3 ||    12
       Peck              |     9 |     3 ||    12
  Use: Scroll            |       |     6 ||     6
  Eat: Chunk             |     1 |     2 ||     3
Armor: Scale mail        |    15 |       ||    15
       Plate armour      |    32 |    22 ||    54
Dodge: Dodged            |    14 |     3 ||    17
Block: Shield            |    33 |    15 ||    48

Table legend:
 A = Non-vault XP
 B = Vault XP
 C = Vault XP percentage of total XP
 D = Non-vault monster count
 E = Vault monster count
 F = Vault count percentage of total count
                 A         B        C        D         E       F
            +---------+---------+-------+---------+---------+-------
      Total |     111 |      12 |   9.8 |      41 |       6 |  12.8
            +---------+---------+-------+---------+---------+-------
        D:1 |      23 |      12 |  34.3 |      13 |       6 |  31.6
        D:2 |      53 |       0 |   0.0 |      16 |       0 |   0.0
        D:3 |      35 |       0 |   0.0 |      12 |       0 |   0.0
            +---------+---------+-------+---------+---------+-------
